[Event "November 21 Early 2023"]
[Site "https://www.chess.com"]
[Date "2023.11.21"]
[Round "4"]
[White "LeoLV10"]
[Black "Figorito, Nick"]
[Result "1/2-1/2"]
[Board "156"]
[TimeControl "180+1"]
[BlackFideId "30923689"]
[WhiteElo "2519"]
[BlackElo "2381"]
[BlackTeam "USA"]
[WhiteClock "0:00:05"]
[BlackClock "0:00:06"]

1. e4 e6 2. d4 d5 3. e5 c5 4. c3 Bd7 5. Nf3 Qb6 6. a3 Bb5 7. Bxb5+ Qxb5 8. a4 Qd7 9. O-O Nc6 10. Re1 h5 11. dxc5 Bxc5 12. b4 Bb6 13. Be3 Bc7 14. Bd4 Nh6 15. Na3 Nf5 16. Nb5 a6 17. Nxc7+ Qxc7 18. b5 Ncxd4 19. cxd4 axb5 20. axb5 O-O 21. Rb1 Qb6 22. Qd3 Ra4 23. Red1 Rc8 24. Rbc1 Rac4 25. Rb1 Rc3 26. Qd2 Rc2 27. Qg5 g6 28. h3 R2c4 29. Qf4 h4 30. Rb3 Ra8 31. Rbd3 Raa4 32. Qg4 Qxb5 33. Nxh4 Nxh4 34. Qxh4 Qb6 35. Qf4 Ra2 36. h4 Rcc2 37. Rf3 Qc7 38. h5 gxh5 39. Qh6 Rc3 40. Qg5+ Kf8 41. Rxc3 Qxc3 42. Qd8+ Kg7 43. Qf6+ Kf8 44. Qh6+ Ke8 45. Qxh5 Qc2 46. Rf1 Qd2 47. Qh8+ Kd7 48. Qf6 Ke8 49. Rb1 Rb2 50. Ra1 Ra2 51. Rf1 b5 52. g3 b4 53. Kg2 b3 54. Rh1 Kd7 55. Qxf7+ Kc6 56. Qxe6+ Kb5 57. Qxd5+ Kb4 58. Qc5+ Ka4 59. Qc4+ Ka3 60. Qc5+ Ka4 61. Qc4+ Ka3 62. Qa6+ Kb4 63. Qb6+ Ka3 64. Qc5+ Ka4 1/2-1/2

[Event "November 21 Early 2023"]
[Site "https://www.chess.com"]
[Date "2023.11.21"]
[Round "4"]
[White "Hajiyev, Kanan"]
[Black "Matveeva, Olga"]
[Result "1-0"]
[Board "157"]
[TimeControl "180+1"]
[WhiteFideId "13404148"]
[BlackFideId "24107018"]
[WhiteElo "2102"]
[BlackElo "1883"]
[WhiteTeam "AZE"]
[BlackTeam "RUS"]
[WhiteClock "0:00:46"]
[BlackClock "0:00:04"]

1. d4 d5 2. Nf3 Nf6 3. c4 e6 4. cxd5 exd5 5. Nc3 c6 6. Qc2 Be7 7. Bf4 O-O 8. e3 Re8 9. Bd3 Nbd7 10. O-O Nf8 11. Rab1 a5 12. h3 Bd6 13. Bg5 h6 14. Bh4 g5 15. Nxg5 hxg5 16. Bxg5 Be7 17. f4 N8h7 18. Bh4 Kg7 19. Rf3 Rh8 20. Rbf1 Nh5 21. Be1 Qd6 22. g4 N5f6 23. Ne2 Bd7 24. Bc3 Rag8 25. Ng3 Kf8 26. a3 b6 27. b4 axb4 28. Bxb4 c5 29. dxc5 bxc5 30. Bc3 d4 31. exd4 cxd4 32. Bb4 Qd5 33. Bc4 Qb7 34. Rb3 Bxb4 35. Rxb4 Qc7 36. Qb3 Bc6 37. Nf5 Nxg4 38. Rb8+ Be8 39. Qb4+ 1-0

[Event "November 21 Early 2023"]
[Site "https://www.chess.com"]
[Date "2023.11.21"]
[Round "4"]
[White "Graca, Robert"]
[Black "vinclat"]
[Result "1-0"]
[Board "158"]
[TimeControl "180+1"]
[WhiteFideId "644943"]
[WhiteElo "2204"]
[BlackElo "2374"]
[WhiteTeam "FRA"]
[WhiteClock "0:01:39"]
[BlackClock "0:01:45"]

1. Nf3 Nf6 2. c4 g6 3. Nc3 Bg7 4. e4 d6 5. d4 O-O 6. Be2 Nbd7 7. Be3 e5 8. O-O c6 9. d5 h6 10. dxc6 bxc6 11. Qxd6 Ne8 12. Qxc6 Rb8 13. b3 Bb7 14. Qa4 a6 15. Rfd1 Bc8 16. c5 Qc7 17. Nd5 Nxc5 18. Nxc7 Nxa4 19. Nxe8 Nc3 20. Nxg7 Nxe2+ 21. Kf1 Nf4 22. Nxe5 1-0

[Event "November 21 Early 2023"]
[Site "https://www.chess.com"]
[Date "2023.11.21"]
[Round "4"]
[White "Garrido, Denis"]
[Black "Pinto, Daniel"]
[Result "0-1"]
[Board "159"]
[TimeControl "180+1"]
[WhiteFideId "601217"]
[BlackFideId "3303144"]
[WhiteElo "2372"]
[BlackElo "2149"]
[WhiteTeam "FRA"]
[BlackTeam "BOL"]
[WhiteClock "0:01:22"]
[BlackClock "0:00:03"]

1. e4 c6 2. Nf3 d5 3. d3 dxe4 4. dxe4 Qxd1+ 5. Kxd1 Nf6 6. Nfd2 e5 7. f3 Be6 8. Bc4 Bxc4 9. Nxc4 Nbd7 10. Be3 O-O-O 11. Nbd2 b6 12. a4 Kc7 13. c3 Be7 14. Kc2 Rhe8 15. b4 a6 16. Ra2 c5 17. Kb3 Kb7 18. Bf2 Nb8 19. Nxe5 cxb4 20. cxb4 Bxb4 21. Kxb4 Rxe5 22. Nc4 Re6 23. Rb2 Rd3 24. Na5+ Kc7 25. Rc1+ Kd7 26. Nc4 Nc6# 0-1

[Event "November 21 Early 2023"]
[Site "https://www.chess.com"]
[Date "2023.11.21"]
[Round "4"]
[White "Ovezdurdyyeva, Jemal"]
[Black "Herman, Matthew"]
[Result "1-0"]
[Board "160"]
[TimeControl "180+1"]
[WhiteFideId "14001888"]
[BlackFideId "2028964"]
[WhiteElo "2086"]
[BlackElo "2368"]
[WhiteTeam "TKM"]
[BlackTeam "USA"]
[WhiteClock "0:00:40"]
[BlackClock "0:00:01"]

1. e4 e5 2. Nf3 Nc6 3. Bc4 Nf6 4. d3 Be7 5. O-O O-O 6. a3 d6 7. h3 Kh8 8. Ng5 Qe8 9. Nc3 h6 10. Nf3 Ng8 11. Nd5 Bd8 12. Ne3 a5 13. c3 a4 14. Bd2 Bd7 15. Qc2 Na5 16. Ba2 b5 17. d4 Nb3 18. Bxb3 axb3 19. Qxb3 exd4 20. Nxd4 Qxe4 21. Nxb5 Nf6 22. Nd4 c5 23. Nf3 Bc6 24. Qc2 Qe7 25. Nh4 Ne4 26. Nhf5 Qf6 27. Rad1 Bc7 28. Ng3 Ng5 29. f4 Ne6 30. Ng4 Qh4 31. Be1 Qd8 32. Nf5 d5 33. Bh4 Qd7 34. Nfxh6 gxh6 35. Bf6+ Kg8 36. Nxh6# 1-0

[Event "November 21 Early 2023"]
[Site "https://www.chess.com"]
[Date "2023.11.21"]
[Round "4"]
[White "Kovacsy, Barnabas"]
[Black "MIss_MIaMI"]
[Result "0-1"]
[Board "161"]
[TimeControl "180+1"]
[WhiteFideId "769290"]
[WhiteElo "2130"]
[BlackElo "2360"]
[WhiteTeam "HUN"]
[WhiteClock "0:00:33"]
[BlackClock "0:00:17"]

1. e4 c5 2. Nf3 e6 3. d4 cxd4 4. Nxd4 a6 5. Bd3 Ne7 6. O-O Nbc6 7. Nxc6 Nxc6 8. b3 Be7 9. Bb2 Bf6 10. Bxf6 Qxf6 11. c3 O-O 12. Qc2 h6 13. Nd2 e5 14. Nc4 d6 15. Nb6 Rb8 16. Bc4 Be6 17. Rad1 Rbd8 18. Bd5 Qg6 19. Qe2 Bxd5 20. Nxd5 f5 21. exf5 Rxf5 22. f3 Kh7 23. Qe4 Rdf8 24. Ne3 R5f6 25. Qxg6+ Rxg6 26. Nc4 Rff6 27. Rd3 b5 28. Ne3 Ne7 29. Rfd1 Rxf3 30. c4 e4 31. Rxd6 Rxe3 32. Rxg6 Nxg6 33. Kf2 Rc3 34. cxb5 axb5 35. Rd5 b4 36. Rd4 Rc2+ 37. Kg3 e3 38. Rxb4 Rxa2 39. Re4 e2 40. b4 Rb2 41. b5 Kg8 42. b6 Kf7 43. b7 Rxb7 44. Rxe2 Rb3+ 45. Kg4 Rb4+ 46. Kg3 Nf4 47. Rf2 g5 48. Ra2 Rb3+ 49. Kg4 Rb6 50. g3 Nd3 51. Kh5 Nb4 52. Ra7+ Kf6 53. Kxh6 Nc6 54. Ra1 Ne5 55. Rf1+ Ke6 56. Kxg5 Rb2 57. h4 Rb3 58. g4 Rb4 59. Rf4 Nf7+ 60. Rxf7 Kxf7 61. h5 Kg7 62. h6+ Kh7 63. Kh5 Rb5+ 64. g5 Rc5 65. Kh4 Kg6 66. h7 Kxh7 67. Kh5 Kg7 0-1

[Event "November 21 Early 2023"]
[Site "https://www.chess.com"]
[Date "2023.11.21"]
[Round "4"]
[White "Eugene, Floryan"]
[Black "Dmitrenko, Viktor"]
[Result "1-0"]
[Board "162"]
[TimeControl "180+1"]
[WhiteFideId "20694784"]
[BlackFideId "14110270"]
[WhiteElo "2369"]
[BlackElo "2292"]
[WhiteTeam "FRA"]
[BlackTeam "UKR"]
[WhiteClock "0:00:01"]
[BlackClock "0:00:06"]

1. d4 e6 2. c4 Nf6 3. g4 d5 4. g5 Ne4 5. Bg2 Bb4+ 6. Kf1 Nxg5 7. Bxg5 Qxg5 8. Nf3 Qe7 9. Rg1 c6 10. Bh1 g6 11. Nbd2 Nd7 12. e4 dxe4 13. Nxe4 Nf6 14. Qe2 Nxe4 15. Qxe4 Bd6 16. Re1 Bd7 17. Ne5 O-O-O 18. Re3 f6 19. Nxd7 Qxd7 20. Qxe6 Bxh2 21. Rg4 f5 22. Rh4 Qxe6 23. Rxe6 Bd6 24. d5 c5 25. Bf3 Kd7 26. Bd1 Rdg8 27. Ba4+ Kc7 28. Rh3 h5 29. Bc2 h4 30. Kg2 Rh5 31. Rf3 Rg5+ 32. Kh3 Rh8 33. Bd3 Rg1 34. Rf6 Be5 35. Rf7+ Kb8 36. Re3 Bd6 37. Re6 Bf4 38. Ree7 Ka8 39. Rxb7 Bb8 40. Rbd7 g5 41. Bxf5 g4+ 42. Bxg4 Rh1+ 43. Kg2 Rh2+ 44. Kg1 Rg8 45. Rg7 Rf8 46. Rdf7 Rh8 47. d6 Bxd6 48. Bf3+ Kb8 49. Rb7+ Kc8 50. Rxa7 Bb8 51. Bg4+ Kd8 52. Rad7+ Ke8 53. Rge7+ Kf8 54. Rb7 Bd6 55. Red7 h3 56. Rd8# 1-0

[Event "November 21 Early 2023"]
[Site "https://www.chess.com"]
[Date "2023.11.21"]
[Round "4"]
[White "mkllnd1517"]
[Black "Grochal, Joey"]
[Result "1-0"]
[Board "163"]
[TimeControl "180+1"]
[BlackFideId "1019945"]
[WhiteElo "2351"]
[BlackElo "2231"]
[BlackTeam "NED"]
[WhiteClock "0:02:00"]
[BlackClock "0:01:24"]

1. Nf3 Nf6 2. b3 d6 3. d4 g6 4. Bb2 Bg7 5. g3 O-O 6. Bg2 c6 7. O-O Nbd7 8. c4 e5 9. dxe5 Ng4 10. Nc3 Ndxe5 11. Qd2 Qe7 12. Rad1 Rd8 13. Ba3 c5 14. Bxc5 Bf5 15. Ba3 Nxf3+ 16. exf3 Ne5 17. Rfe1 Kh8 1-0

[Event "November 21 Early 2023"]
[Site "https://www.chess.com"]
[Date "2023.11.21"]
[Round "4"]
[White "Kuegel, Tobias"]
[Black "Marin Pincheira, Carlos"]
[Result "1-0"]
[Board "164"]
[TimeControl "180+1"]
[WhiteFideId "4636295"]
[BlackFideId "3407543"]
[WhiteElo "2213"]
[BlackElo "2080"]
[WhiteTeam "GER"]
[BlackTeam "CHI"]
[WhiteClock "0:00:44"]
[BlackClock "0:00:00"]

1. e4 e5 2. Nf3 Nc6 3. Bb5 Nf6 4. O-O Nxe4 5. d4 Nd6 6. dxe5 Nxb5 7. a4 Nd6 8. Bg5 Be7 9. Bxe7 Nxe7 10. exd6 cxd6 11. Nc3 O-O 12. Qxd6 Nf5 13. Qd3 d6 14. Rad1 Be6 15. Nd4 Qf6 16. Ne4 Qe5 17. Rfe1 Nxd4 18. Qxd4 Qa5 19. Nxd6 Rfd8 20. b3 b6 21. Re5 1-0

[Event "November 21 Early 2023"]
[Site "https://www.chess.com"]
[Date "2023.11.21"]
[Round "4"]
[White "Palacio,Igor Da Paz"]
[Black "Toktomushev, Teimur"]
[Result "1-0"]
[Board "165"]
[TimeControl "180+1"]
[WhiteFideId "2121140"]
[BlackFideId "14176726"]
[WhiteElo "2126"]
[BlackElo "2198"]
[WhiteTeam "BRA"]
[BlackTeam "UKR"]
[WhiteClock "0:00:03"]
[BlackClock "0:00:00"]

1. e4 c5 2. Nc3 e6 3. g3 d5 4. exd5 exd5 5. Bg2 Nf6 6. d3 Be7 7. Nge2 O-O 8. O-O d4 9. Ne4 Nxe4 10. dxe4 Nc6 11. Nf4 Bg5 12. Nd5 Bxc1 13. Rxc1 Be6 14. c3 f6 15. a3 Rc8 16. f4 f5 17. c4 fxe4 18. Bxe4 Bf5 19. Bg2 b6 20. Re1 Re8 21. Qh5 Rxe1+ 22. Rxe1 Qd7 23. Qe2 Bg6 24. h4 Re8 25. Qd2 Rxe1+ 26. Qxe1 d3 27. Qe3 Nd4 28. Ne7+ Kf7 29. Nxg6 hxg6 30. Qxd3 Qe7 31. Kf2 Qf6 32. Bd5+ Kf8 33. Be4 Nf5 34. Bxf5 gxf5 35. Qd2 Qe6 36. Qe2 Qd6 37. Kg2 Qd4 38. Kh2 Kf7 39. Qc2 g6 40. h5 Kg7 41. hxg6 Kxg6 42. Qe2 Kf6 43. Kg2 a6 44. a4 Kf7 45. Qh5+ Kf6 46. Qh8+ Ke6 47. Qxd4 cxd4 48. Kf3 Kd6 49. Ke2 Kc5 50. Kd3 a5 51. b3 Kb4 52. Kxd4 Kxb3 53. g4 fxg4 54. f5 g3 55. Ke3 g2 56. Kf2 g1=Q+ 57. Kxg1 1-0

[Event "November 21 Early 2023"]
[Site "https://www.chess.com"]
[Date "2023.11.21"]
[Round "4"]
[White "Ismayil, Malak"]
[Black "Eggleston, Thomas A"]
[Result "0-1"]
[Board "166"]
[TimeControl "180+1"]
[WhiteFideId "13412604"]
[BlackFideId "412139"]
[WhiteElo "1898"]
[BlackElo "2169"]
[WhiteTeam "AZE"]
[BlackTeam "ENG"]
[WhiteClock "0:00:02"]
[BlackClock "0:00:12"]

1. e4 e6 2. d4 d5 3. Nd2 c5 4. exd5 Qxd5 5. Ngf3 cxd4 6. Bc4 Qd6 7. O-O Nf6 8. Nb3 Nc6 9. Nbxd4 Nxd4 10. Nxd4 Be7 11. c3 O-O 12. Qe2 a6 13. Re1 b5 14. Bb3 Bb7 15. Bg5 Rfe8 16. Rad1 Nd5 17. Bxe7 Rxe7 18. f3 Qf4 19. Qf2 Qg5 20. Bxd5 Bxd5 21. h4 Qf6 22. a3 Rae8 23. Rd2 Ba8 24. Red1 e5 25. Nc2 h6 26. Ne3 e4 27. fxe4 Qxf2+ 28. Kxf2 Rxe4 29. Nc2 Rxh4 30. Rd8 Re4 31. Rxe8+ Rxe8 32. Rd6 Bxg2 33. Rxa6 Be4 34. Nd4 Bd3 35. Rb6 Re5 36. Kf3 Kh7 37. Rd6 Bc4 38. b3 Bd5+ 39. Kf4 f6 40. Rd7 h5 41. Nf5 Re4+ 42. Kg3 Rg4+ 43. Kh3 Be6 0-1

[Event "November 21 Early 2023"]
[Site "https://www.chess.com"]
[Date "2023.11.21"]
[Round "4"]
[White "Mikhailova, Irina"]
[Black "Rietze, Clemens, Dr."]
[Result "0-1"]
[Board "167"]
[TimeControl "180+1"]
[WhiteFideId "4109040"]
[BlackFideId "24620351"]
[WhiteElo "2009"]
[BlackElo "2288"]
[WhiteTeam "RUS"]
[BlackTeam "GER"]
[WhiteClock "0:00:00"]
[BlackClock "0:00:20"]

1. d4 Nf6 2. Nf3 g6 3. c4 Bg7 4. Nc3 d6 5. e4 O-O 6. Be2 Na6 7. O-O e5 8. Be3 Ng4 9. Bg5 f6 10. Bh4 Nh6 11. d5 c6 12. Nd2 g5 13. Bg3 f5 14. f3 f4 15. Bf2 Kh8 16. dxc6 bxc6 17. c5 d5 18. Qa4 Nb8 19. Rfd1 Be6 20. Nc4 Ng8 21. Nb6 Nd7 22. Nxa8 Qxa8 23. exd5 cxd5 24. c6 Ndf6 25. Qxa7 Qxc6 26. Qc5 Qd7 27. Bb5 Qb7 28. Qc6 Qf7 29. a4 Ne7 30. Qd6 Nf5 31. Qxe5 Ne4 32. Nxe4 Bxe5 33. Nxg5 Qf6 34. Nxe6 Qxe6 35. Re1 Ne3 36. a5 Rg8 37. Bf1 Bd4 38. a6 Ra8 0-1

[Event "November 21 Early 2023"]
[Site "https://www.chess.com"]
[Date "2023.11.21"]
[Round "4"]
[White "Shapiro, Daniel"]
[Black "Kubicka, Anna"]
[Result "0-1"]
[Board "168"]
[TimeControl "180+1"]
[WhiteFideId "2001780"]
[BlackFideId "1152254"]
[WhiteElo "2328"]
[BlackElo "2042"]
[WhiteTeam "USA"]
[BlackTeam "POL"]
[WhiteClock "0:00:32"]
[BlackClock "0:01:35"]

1. d4 Nf6 2. c4 c5 3. d5 e6 4. Nc3 exd5 5. cxd5 d6 6. g3 g6 7. Bg2 Bg7 8. Nf3 O-O 9. O-O a6 10. a4 Re8 11. Nd2 Nbd7 12. h3 Rb8 13. a5 b5 14. axb6 Nxb6 15. e4 Qc7 16. Kh2 Nfd7 17. f4 c4 18. Nf3 Nc5 19. Nd4 Bxd4 20. Qxd4 Nb3 21. Qf6 Nxa1 22. Be3 Nc2 0-1

[Event "November 21 Early 2023"]
[Site "https://www.chess.com"]
[Date "2023.11.21"]
[Round "4"]
[White "Koepke, Christian"]
[Black "Viskelis, Darius"]
[Result "1-0"]
[Board "169"]
[TimeControl "180+1"]
[WhiteFideId "4655737"]
[BlackFideId "12800830"]
[WhiteElo "2238"]
[BlackElo "1859"]
[WhiteTeam "GER"]
[BlackTeam "LTU"]
[WhiteClock "0:00:12"]
[BlackClock "0:00:00"]

1. e4 e5 2. Nc3 Nf6 3. d4 exd4 4. Qxd4 Nc6 5. Qd3 Bc5 6. Bf4 O-O 7. Qd2 Re8 8. f3 d5 9. O-O-O d4 10. Nb5 Bb6 11. Ne2 Ba5 12. Qd3 Nb4 13. Qa3 c5 14. c3 a6 15. Nd6 Be6 16. cxb4 Bxb4 17. Qd3 Bxa2 18. Nxe8 Qxe8 19. Bd2 Rc8 20. Bxb4 cxb4+ 21. Kd2 Qa4 22. Nxd4 Bb3 23. Rc1 Rd8 24. Ke3 Be6 25. Be2 b3 26. Rhd1 b5 27. Kf2 Bc4 28. Qe3 h6 29. Nc6 Re8 30. Bxc4 bxc4 31. Qc5 Qa2 32. Rd2 c3 33. Qxc3 Qa4 34. Nd4 Rxe4 35. Qxb3 1-0

[Event "November 21 Early 2023"]
[Site "https://www.chess.com"]
[Date "2023.11.21"]
[Round "4"]
[White "UNSTOPPABLE_LEGEND"]
[Black "Maect19"]
[Result "1/2-1/2"]
[Board "170"]
[TimeControl "180+1"]
[WhiteElo "2500"]
[BlackElo "2327"]
[WhiteClock "0:00:31"]
[BlackClock "0:00:12"]

1. Nf3 d5 2. g3 c6 3. Bg2 Bf5 4. c4 e6 5. Qb3 Qb6 6. d3 Nd7 7. Be3 Qxb3 8. axb3 a6 9. Nh4 Bg6 10. Bd4 Ngf6 11. Nxg6 hxg6 12. h4 Bc5 13. Bxc5 Nxc5 14. Nd2 Ke7 15. O-O Ncd7 16. b4 Ne5 17. c5 Ned7 18. d4 Nh7 19. Ra3 g5 20. hxg5 Nxg5 21. Rfa1 Rac8 22. e3 f5 23. Bf1 Nf6 24. Nb3 Nge4 25. Kg2 Ng4 26. Na5 Rh2+ 27. Kg1 Nexf2 28. Nxb7 Rch8 29. Rxa6 Rh1+ 30. Kg2 Ne4 31. Kf3 Nh2+ 32. Kg2 Ng4 33. Kf3 Nh2+ 34. Kg2 Ng4 1/2-1/2

[Event "November 21 Early 2023"]
[Site "https://www.chess.com"]
[Date "2023.11.21"]
[Round "4"]
[White "alfianasybullina"]
[Black "Babikov, Ivan"]
[Result "1-0"]
[Board "171"]
[TimeControl "180+1"]
[BlackFideId "4161106"]
[WhiteElo "2312"]
[BlackElo "1986"]
[BlackTeam "RUS"]
[WhiteClock "0:01:29"]
[BlackClock "0:00:04"]

1. d4 d5 2. Nf3 Nf6 3. c3 Bf5 4. Qb3 Qc8 5. Bg5 Ne4 6. Qxd5 e6 7. Qb3 Nxg5 8. Nxg5 h6 9. Nf3 c5 10. Nbd2 Nc6 11. e4 Bg6 12. d5 exd5 13. exd5 Nb8 14. Bb5+ Kd8 15. O-O Bd6 16. Nc4 Qc7 17. Rfe1 a6 18. Nxd6 Qxd6 19. Bf1 b5 20. c4 b4 21. Ne5 Re8 22. Qg3 Kc7 23. Nxg6 Rxe1 24. Rxe1 fxg6 25. Re7+ Nd7 26. Rxg7 Qxg3 27. hxg3 g5 28. Rg6 a5 29. Be2 a4 30. Rxh6 b3 31. a3 Ne5 32. Re6 Nd7 33. Bg4 Rf8 34. Re7 1-0

[Event "November 21 Early 2023"]
[Site "https://www.chess.com"]
[Date "2023.11.21"]
[Round "4"]
[White "Zampronha, Wladimir Camilo"]
[Black "Rodriguez Fontecha, Marcos"]
[Result "0-1"]
[Board "172"]
[TimeControl "180+1"]
[WhiteFideId "2103087"]
[BlackFideId "2256576"]
[WhiteElo "2055"]
[BlackElo "2249"]
[WhiteTeam "BRA"]
[BlackTeam "ESP"]
[WhiteClock "0:02:11"]
[BlackClock "0:02:30"]

1. e4 e6 2. d4 d5 3. Nc3 Nf6 4. e5 Nfd7 5. f4 c5 6. Nf3 Nc6 7. Be3 Be7 8. Qd2 O-O 9. Be2 a6 10. O-O b5 11. dxc5 Nxc5 12. a3 Rb8 13. Nd4 Qc7 14. Nxc6 Qxc6 15. Bd4 Bd7 16. Qe3 Rfc8 17. Rfc1 b4 18. axb4 Rxb4 19. b3 Rxd4 20. Qxd4 Nxb3 21. cxb3 Bc5 22. Qxc5 Qxc5+ 23. Kh1 Qe3 24. Bxa6 Rxc3 25. Rxc3 Qxc3 26. Bf1 Qxa1 0-1

[Event "November 21 Early 2023"]
[Site "https://www.chess.com"]
[Date "2023.11.21"]
[Round "4"]
[White "Panda Sambit"]
[Black "Der_Balak_3Halak"]
[Result "1/2-1/2"]
[Board "173"]
[TimeControl "180+1"]
[WhiteFideId "25091794"]
[WhiteElo "2216"]
[BlackElo "2309"]
[WhiteTeam "IND"]
[WhiteClock "0:01:05"]
[BlackClock "0:00:06"]

1. e4 c5 2. Nf3 g6 3. c3 Bg7 4. d4 cxd4 5. cxd4 d5 6. e5 Nc6 7. h3 Bf5 8. Nc3 Nh6 9. Qb3 O-O 10. Be3 Rc8 11. Be2 Be6 12. g4 f5 13. Ng5 Bf7 14. Nxf7 Nxf7 15. gxf5 Nfxe5 16. dxe5 Rxf5 17. Bg4 Rxe5 18. Bxc8 Qxc8 19. Nxd5 Qe6 20. Nf4 Qxb3 21. axb3 Nd4 22. O-O Rg5+ 23. Kh1 Nf3 24. Ne6 Rh5 25. Nxg7 Kxg7 26. Kg2 Nh4+ 27. Kg3 Nf5+ 28. Kh2 g5 29. Rxa7 g4 30. h4 Rxh4+ 31. Kg2 Rh3 32. Rxb7 Nh4+ 33. Kg1 Nf3+ 34. Kg2 Nh4+ 35. Kg1 Nf3+ 36. Kg2 Nh4+ 1/2-1/2

[Event "November 21 Early 2023"]
[Site "https://www.chess.com"]
[Date "2023.11.21"]
[Round "4"]
[White "Orlov, Georgi"]
[Black "AndresDelgado77"]
[Result "1-0"]
[Board "174"]
[TimeControl "180+1"]
[WhiteFideId "2011271"]
[WhiteElo "2494"]
[BlackElo "2301"]
[WhiteTeam "USA"]
[WhiteClock "0:00:44"]
[BlackClock "0:00:00"]

1. d4 Nf6 2. Nf3 c5 3. d5 b5 4. a4 Bb7 5. axb5 Bxd5 6. Nc3 Bb7 7. Bg5 Ne4 8. Nxe4 Bxe4 9. c4 Bb7 10. e3 h6 11. Bh4 g5 12. Bg3 Bg7 13. Be5 Bxf3 14. Qxf3 Bxe5 15. Qxa8 Bxb2 16. Rxa7 O-O 17. Bd3 Bc3+ 18. Ke2 Qb6 19. Qb7 Qf6 20. Qe4 Qg7 21. h4 f5 22. Qb7 e6 23. hxg5 Qxg5 24. Qf3 Bg7 25. Rh3 Qf6 26. Ra2 Qc3 27. Rg3 Kh8 28. Qa8 d6 29. Qa3 Qe5 30. Qa7 Qf6 31. Qb7 1-0

[Event "November 21 Early 2023"]
[Site "https://www.chess.com"]
[Date "2023.11.21"]
[Round "4"]
[White "Grossboss19"]
[Black "Pumpkin_in_moonlight"]
[Result "1-0"]
[Board "175"]
[TimeControl "180+1"]
[WhiteElo "2494"]
[BlackElo "2295"]
[WhiteClock "0:01:05"]
[BlackClock "0:00:03"]

1. Nc3 Nf6 2. e4 e5 3. Bc4 Nc6 4. Nge2 Bc5 5. O-O O-O 6. a3 a6 7. b4 Ba7 8. Bb2 d6 9. Kh1 Be6 10. d3 Nd4 11. Bxe6 Nxe6 12. f4 Nxf4 13. Nxf4 exf4 14. Ne2 Ng4 15. Nxf4 Ne3 16. Qd2 Nxf1 17. Rxf1 Qd7 18. Nh5 f6 19. Rf3 Rae8 20. Rg3 Re7 21. Bxf6 Ref7 22. Qc3 Qe6 23. Nxg7 Qxf6 24. Nh5+ Qg6 25. h4 Rf1+ 26. Kh2 Bg1+ 27. Kh3 Bb6 28. Rxg6+ hxg6 29. Qg7# 1-0

[Event "November 21 Early 2023"]
[Site "https://www.chess.com"]
[Date "2023.11.21"]
[Round "4"]
[White "BM223344"]
[Black "Tharushi, T H D Niklesha"]
[Result "0-1"]
[Board "176"]
[TimeControl "180+1"]
[BlackFideId "9918264"]
[WhiteElo "2492"]
[BlackElo "1577"]
[BlackTeam "SRI"]
[WhiteClock "0:01:06"]
[BlackClock "0:01:14"]

1. d4 Nf6 2. c4 e6 3. Nf3 Bb4+ 4. Bd2 Qe7 5. g3 O-O 6. Bg2 Nc6 7. O-O d6 8. Nc3 e5 9. d5 Nd8 10. a3 Bxc3 11. Bxc3 Ne4 12. Qc2 f5 13. e3 g5 14. Rae1 Nf7 15. Nd2 Nxc3 16. Qxc3 e4 17. f4 g4 18. Qd4 h5 19. Nxe4 fxe4 20. Bxe4 Nh6 21. Bg2 Nf5 22. Qd3 h4 23. e4 hxg3 24. hxg3 Nh6 25. Kf2 Qf6 26. Qd2 Bd7 27. Rh1 Rae8 28. Rh5 Kg7 29. Reh1 Rh8 30. Rg5+ Kf7 31. Rgh5 Re7 32. Kg1 Kg7 33. Rg5+ Kf8 34. Rgh5 Ke8 35. e5 dxe5 36. fxe5 Qb6+ 37. Qf2 Qxf2+ 38. Kxf2 Rf7+ 39. Ke1 Rfh7 40. Be4 Re7 41. e6 Bxe6 42. Rxh6 Rxh6 43. Rxh6 Bf5 44. Kd2 Rxe4 45. b3 Re7 46. Rf6 Re5 47. Kc3 Ke7 48. Rh6 Re3+ 49. Kb4 Bc2 50. Kc5 Rxg3 51. b4 Rxa3 52. d6+ cxd6+ 53. Rxd6 b6+ 54. Kc6 Be4+ 55. Kc7 g3 56. Rd4 Re3 57. Rd7+ Kf6 58. Rd6+ Kf5 59. Rd8 g2 60. Rg8 Kf4 61. c5 Rg3 62. Rf8+ Ke3 63. cxb6 axb6 0-1

[Event "November 21 Early 2023"]
[Site "https://www.chess.com"]
[Date "2023.11.21"]
[Round "4"]
[White "Devaev, Alexander"]
[Black "Cardozo Munar, Carlos Eduardo"]
[Result "1-0"]
[Board "177"]
[TimeControl "180+1"]
[WhiteFideId "4169395"]
[BlackFideId "4409477"]
[WhiteElo "2172"]
[BlackElo "2067"]
[WhiteTeam "RUS"]
[BlackTeam "COL"]
[WhiteClock "0:00:22"]
[BlackClock "0:00:11"]

1. Nf3 d5 2. d4 c6 3. c4 Nf6 4. Nc3 dxc4 5. a4 h6 6. e4 Be6 7. Be3 Qa5 8. Qc2 Nbd7 9. Be2 g5 10. O-O Bg7 11. Rad1 b5 12. d5 cxd5 13. exd5 Bg4 14. axb5 O-O 15. Nd4 Bxe2 16. Qxe2 Ne5 17. Nc6 Nxc6 18. dxc6 a6 19. Qxc4 axb5 20. Qxb5 Qxb5 21. Nxb5 Ne4 22. Bd4 Rfc8 23. Bxg7 Kxg7 24. f3 Ra5 25. Rd5 Nf6 26. Rc5 e6 27. Rfc1 Nd5 28. Nd6 Rxc5 29. Rxc5 Rc7 30. Ne8+ Kf8 31. Nxc7 Nxc7 32. Rc1 Ke7 33. Rd1 Nd5 34. Rxd5 exd5 35. b4 Kd6 36. b5 Kc7 37. g4 f6 38. Kf2 Kc8 39. Ke3 Kc7 40. Kd4 Kd6 41. h3 Ke6 42. c7 Kd7 43. b6 f5 44. gxf5 1-0

[Event "November 21 Early 2023"]
[Site "https://www.chess.com"]
[Date "2023.11.21"]
[Round "4"]
[White "Kazmin_Semyon"]
[Black "Nekoo04"]
[Result "1-0"]
[Board "178"]
[TimeControl "180+1"]
[WhiteElo "2486"]
[BlackElo "2287"]
[WhiteClock "0:01:10"]
[BlackClock "0:00:07"]

1. e4 c5 2. Nf3 d6 3. d4 cxd4 4. Nxd4 Nf6 5. Nc3 g6 6. Be3 Bg7 7. f3 O-O 8. Qd2 Nc6 9. g4 Be6 10. Nxe6 fxe6 11. O-O-O Qc8 12. Bf4 Nd7 13. Bc4 Nde5 14. Be2 b5 15. h4 Rb8 16. h5 Nc4 17. Bxc4 bxc4 18. Bh6 Qb7 19. b3 cxb3 20. axb3 Qa6 21. Bxg7 Qa1+ 22. Nb1 Qxg7 23. hxg6 hxg6 24. Rh3 Ne5 25. Qe2 Rf4 26. Rdh1 Rbf8 27. Qh2 Nf7 28. Qxf4 1-0

[Event "November 21 Early 2023"]
[Site "https://www.chess.com"]
[Date "2023.11.21"]
[Round "4"]
[White "Nissinen, Niilo Man"]
[Black "Osmak, Yuliia"]
[Result "0-1"]
[Board "179"]
[TimeControl "180+1"]
[WhiteFideId "30950767"]
[BlackFideId "14101602"]
[WhiteElo "1854"]
[BlackElo "2303"]
[WhiteTeam "HKG"]
[BlackTeam "UKR"]
[WhiteClock "0:00:02"]
[BlackClock "0:00:06"]

1. e4 c5 2. Nf3 Nc6 3. Bb5 g6 4. Bxc6 dxc6 5. h3 Bg7 6. O-O e5 7. d3 Ne7 8. Be3 b6 9. a4 a5 10. Na3 O-O 11. Nc4 f6 12. b4 axb4 13. a5 bxa5 14. Bxc5 Be6 15. Bb6 Qb8 16. Bc5 Qc7 17. Bb6 Qb7 18. Bxa5 c5 19. c3 Nc6 20. cxb4 cxb4 21. Qb3 Nxa5 22. Nxa5 Bxb3 23. Nxb7 Bc2 24. Nc5 b3 25. Rac1 Rac8 26. Ne6 Rfe8 27. Nxg7 Kxg7 28. Ne1 b2 29. Nxc2 bxc1=Q 30. Rxc1 Rc3 31. Rb1 Rxc2 32. Rb7+ Kh6 33. h4 Rd2 34. Rf7 Re6 35. g4 Rxd3 36. Kg2 Rd8 37. f3 Rde8 38. Kg3 R8e7 39. Rf8 Kg7 40. Ra8 Rd7 41. Ra2 Rc6 42. Rb2 Rc3 43. Ra2 h5 44. Rd2 Rxd2 45. gxh5 gxh5 46. Kh3 Rxf3# 0-1